 Dungeon Crawl Stone Soup version 0.19.0-16-g73b5abf (webtiles) character file.

326 RKaid the Ducker (level 6, -1/28 HPs)
             Began as a Felid Abyssal Knight on Nov 10, 2016.
             Was a Believer of Lugonu.
             Slain by Quirk's ghost (15 damage)
             ... on level 6 of the Dungeon.
             The game lasted 00:14:44 (5926 turns).

RKaid the Ducker (Felid Abyssal Knight)             Turns: 5926, Time: 00:14:45

Health: -1/28      AC:  2    Str:  8    XL:     6   Next: 24%
Magic:  10/10      EV: 27    Int: 14    God:    Lugonu [**....]
Gold:   114        SH:  0    Dex: 17    Spells: 0 memorised, 9 levels left
                                        Lives:  0   Deaths: 1

rFire  . . .     SeeInvis +       - Unarmed
rCold  . . .     Gourm    .     (armour unavailable)
rNeg   . . .     Faith    .     (shield unavailable)
rPois  .         Spirit   .     (helmet unavailable)
rElec  .         Reflect  .     (cloak unavailable)
rCorr  .         Harm     .     (gloves unavailable)
MR     .....                    (boots unavailable)
Stlth  +++.......               (no amulet)
                                c - +6 ring of evasion
                                e - ring of wizardry {Wiz+, !d}

@: quick
A: no armour, no weapons or thrown items, stealth, claws 1, fangs 3, see
invisible, carnivore 3, speed 1, shaggy fur 2, slow metabolism 1, sharp paws
a: Depart the Abyss, Bend Space, Renounce Religion


You were on level 6 of the Dungeon.
You worshipped Lugonu.
Lugonu was pleased with you.
You were completely stuffed.

You visited 1 branch of the dungeon, and saw 6 of its levels.
You visited the Abyss 1 time.

You collected 142 gold pieces.
You spent 28 gold pieces at shops.

Inventory:

Jewellery
 c - a +6 ring of evasion (right paw)
   (You found it on level 2 of the Dungeon)
 e - a ring of wizardry (left paw) {Wiz+, !d}
   (You found it on level 2 of the Dungeon)
Wands
 p - a wand of paralysis (4/24)
   (You found it on level 5 of the Dungeon)
 r - a wand of enslavement (13/24)
   (You found it on level 5 of the Dungeon)
Scrolls
 b - 3 scrolls of teleportation
 d - 3 scrolls of remove curse
 h - 2 scrolls of blinking {!r}
 j - 5 scrolls of identify
 m - a scroll of recharging {unknown}
 o - a scroll of random uselessness {unknown}
 q - a scroll of fear
Potions
 f - a potion of ambrosia {unknown}
 g - 2 potions of might
 k - a potion of cancellation {unknown}
 l - a potion of agility
Comestibles
 a - 2 meat rations
 i - a slice of pizza
 n - a beef jerky


   Skills:
 - Level 4.0 Fighting
 + Level 5.5 Dodging
 + Level 3.0 Stealth
 - Level 3.8 Unarmed Combat
 + Level 2.2 Spellcasting
 - Level 1.7 Invocations


You had 9 spell levels left.
You didn't know any spells.

Dungeon Overview and Level Annotations

Branches:
Dungeon (6/15)             Temple (0/1) D:4

Altars:
Trog

Shops:
D:4 ?   D:5 *

Annotations:
D:3 exclusion: Sigmund, Sigmund
D:5 exclusion: sky beast
D:6 Quirk's ghost, novice GrFi


Innate Abilities, Weirdness & Mutations

You cannot wear armour.
You are incapable of wielding weapons or throwing items.
Your paws allow you to move quietly. (Stealth)
You have sharp claws.
You have razor-sharp teeth.
You have supernaturally acute eyesight. (SInv)
You are carnivorous and can eat meat at any time.
You cover ground quickly.
You are covered in thick fur. (AC +2)
You have a slow metabolism.
Your sharp claws are effective at attacking unaware monsters.


Message History

Lugonu accepts your kill.
You see here a jackal corpse.
You start resting.
You butcher the jackal corpse.
s - a chunk of flesh Eating a chunk of flesh.
You start eating the chunk of flesh.
This raw flesh tastes great.
You see here 18 arrows.
You see here 18 arrows.
Found a stone staircase leading down.
Unknown command.
You see here 8 stones.
There is a stone staircase leading down here.
There is a stone staircase leading down here.
You see here 8 stones.
Found a stone staircase leading down.
A worker ant zombie comes into view.
You catch the helpless worker ant zombie completely off-guard!
You claw the worker ant zombie!
You completely miss the worker ant zombie.
You bite the worker ant zombie.
The worker ant zombie completely misses you.
You scratch the worker ant zombie but do no damage.
You bite the worker ant zombie.
The worker ant zombie completely misses you.
You scratch the worker ant zombie.
The worker ant zombie barely misses you.
You barely miss the worker ant zombie.
The worker ant zombie completely misses you.
You barely miss the worker ant zombie.
The worker ant zombie completely misses you.
You scratch the worker ant zombie. Your bite misses the worker ant zombie.
The worker ant zombie misses you.
You scratch the worker ant zombie. Your bite misses the worker ant zombie.
The worker ant zombie barely misses you.
You scratch the worker ant zombie.
You destroy the worker ant zombie!
Lugonu accepts your kill.
You see here a hunting sling.
You see here 15 poisoned needles.
Partly explored, can't reach some places.
There is a stone staircase leading up, spattered with blood here.
You see here an arrow.
There is a stone staircase leading down here.
You climb downwards.
There is a stone staircase leading up here.
An ogre comes into view. It is wielding a giant spiked club.
There is a stone staircase leading up here.
You climb upwards.
Level annotation: exclusion: sky beast
There is a stone staircase leading down here.
You see here 8 stones.
There is a stone staircase leading down here.
You climb downwards.
A scorpion comes into view.
There is a stone staircase leading up here.
Quirk's ghost (novice Gargoyle Fighter) comes into view.
It is wielding a weapon of electrocution.
You pounce on the unaware helpless scorpion!
You claw the scorpion! The scorpion misses you.
Quirk's ghost turns its malevolent gaze towards you.
You scratch the scorpion but do no damage.
The scorpion barely misses you.
You closely miss the scorpion. The scorpion closely misses you.
You scratch the scorpion. The scorpion completely misses you.
You completely miss the scorpion. Your bite misses the scorpion.
The scorpion misses you.
You scratch the scorpion.
You kill the scorpion!
Lugonu accepts your kill.
Your Stealth skill increases to level 3!
Press: ? - help, v - describe, . - travel
Here: Quirk's ghost, wielding a weapon of electrocution The floor.
Quirk's ghost closely misses you.
There is a stone staircase leading up here.
You claw Quirk's ghost! Quirk's ghost completely misses you.
Press: ? - help, v - describe, . - travel
Here: Quirk's ghost, wielding a weapon of electrocution (lightly damaged)
The floor.
You closely miss Quirk's ghost. Quirk's ghost misses you.
You closely miss Quirk's ghost. Your bite misses Quirk's ghost.
Quirk's ghost completely misses you.
You barely miss Quirk's ghost. Quirk's ghost hits you.
You scratch Quirk's ghost but do no damage.
Quirk's ghost completely misses you.
You scratch Quirk's ghost but do no damage.
Your bite misses Quirk's ghost. Quirk's ghost barely misses you.
You scratch Quirk's ghost. You barely miss Quirk's ghost.
Quirk's ghost hits you.
You closely miss Quirk's ghost. Quirk's ghost hits you.
You barely miss Quirk's ghost. Quirk's ghost completely misses you.
You completely miss Quirk's ghost.
You bite Quirk's ghost, but do no damage.
Quirk's ghost completely misses you.
You scratch Quirk's ghost but do no damage.
Quirk's ghost completely misses you.
You scratch Quirk's ghost but do no damage.
Quirk's ghost hits you!
You are electrocuted!
Ouch! That really hurt!
You die...

.....
.....
.... #..#
##..####
#......#
#......#
+...W..#
#..@...#
###...##
#...#
.....#
......#
.......+
#####....
##.≈##


You could see Quirk's ghost.

Vanquished Creatures
  A scorpion (D:6)
  A hound (D:5)
  3 orc wizards
  A worker ant (D:4)
  A worker ant zombie (D:5)
  4 gnolls (D:5)
  4 adders
  2 oozes (D:5)
  An adder skeleton (D:4)
  3 worms (D:2)
  2 leopard geckos
  4 orcs
  10 bats
  6 giant cockroaches
  7 goblins
  5 hobgoblins
  9 jackals
  5 kobolds
  2 frilled lizards
  11 rats
82 creatures vanquished.

Notes
Turn   | Place    | Note
-------+----------+-------------------------------------------
     0 | Abyss:1  | RKaid the Felid Abyssal Knight began the quest for the Orb.
     0 | Abyss:1  | Reached XP level 1. HP: 10/10 MP: 3/3
     4 | D:1      | Escaped the Abyss
   106 | D:1      | Reached XP level 2. HP: 12/14 MP: 4/4
   820 | D:1      | Reached skill level 3 in Unarmed Combat
   822 | D:1      | Reached ** piety under Lugonu
   887 | D:1      | Reached XP level 3. HP: 17/17 MP: 5/5
  1430 | D:2      | HP: 4/17 [poisoned by an adder]
  1435 | D:2      | HP: 4/17 [poisoned by an adder]
  2360 | D:3      | Found a bloodstained altar of Trog.
  2552 | D:3      | HP: 4/17 [poisoned by an adder]
  2557 | D:3      | HP: 3/17 [poisoned by an adder]
  2562 | D:3      | HP: 3/17 [poisoned by an adder]
  2589 | D:3      | HP: 1/17 [hobgoblin/club (3)]
  2925 | D:3      | Reached XP level 4. HP: 18/21 MP: 6/6
  3029 | D:3      | Noticed Sigmund
  3072 | D:3      | HP: 1/21 [orc/falchion (9)]
  3073 | D:3      | Slain by an orc wizard
  3074 | D:3      | Reached XP level 3. HP: 0/17 MP: 5/5
  3297 | D:4      | Found Togh's Magic Scroll Boutique.
  3304 | D:4      | Bought a scroll of identify for 28 gold pieces
  3448 | D:4      | Found a staircase to the Ecumenical Temple.
  3467 | D:4      | Reached skill level 4 in Dodging
  3467 | D:4      | Reached XP level 4. HP: 22/22 MP: 6/6
  3513 | D:4      | Reached skill level 4 in Fighting
  3759 | D:5      | Entered Level 5 of the Dungeon
  3790 | D:5      | Noticed a centaur
  3791 | D:5      | HP: 3/22 [centaur/arrow (12)]
  4825 | D:4      | Reached skill level 1 in Stealth
  4825 | D:4      | Reached skill level 1 in Spellcasting
  4825 | D:4      | Reached XP level 5. HP: 16/25 MP: 7/7
  5014 | D:5      | Found Xautzal's Elemental Accessories.
  5077 | D:5      | Noticed a sky beast
  5356 | D:5      | Reached skill level 5 in Dodging
  5369 | D:5      | Reached skill level 2 in Stealth
  5588 | D:5      | Reached skill level 2 in Spellcasting
  5600 | D:5      | Gained mutation: You are covered in thick fur. (AC +2) [Felid growth]
  5600 | D:5      | Reached XP level 6. HP: 24/28 MP: 10/10
  5905 | D:6      | Noticed Quirk's ghost (novice GrFi)
  5910 | D:6      | Reached skill level 3 in Stealth
  5926 | D:6      | Slain by Quirk's ghost

Skill      XL: |  1  2  3  4  5  6 |
---------------+-------------------+-----
Unarmed Combat | 3 |  3.8
Dodging        | 4 5 |  5.5
Fighting       | 4 |  4.0
Stealth        | 1 2 3 |  3.0
Spellcasting   | 1 2 |  2.2
Invocations    | |  1.7

Action                   |  1- 3 |  4- 6 || total
-------------------------+-------+-------++-------
Melee: Unarmed           |   133 |   170 ||   303
       Bite              |     9 |    15 ||    24
       Punch             |     1 |     1 ||     2
Invok: Bend Space        |     1 |       ||     1
  Use: Scroll            |     6 |       ||     6
       Potion            |     2 |       ||     2
 Stab: Sleeping          |     8 |     2 ||    10
       Distracted        |       |     1 ||     1
  Eat: Chunk             |    17 |     6 ||    23
Armor: Skin              |     6 |     1 ||     7
Dodge: Dodged            |    99 |   172 ||   271

Vault maps used:
D:1:      dpeg_arrival_lava_temple_mockup
D:3:      serial_glass, glass_columns_a, glass_columns_c, first_bread,
          bloody_trog, uniq_sigmund
D:4:      serial_shops, shop_fountains
D:5:      nicolae_elemental_shop
D:6:      nicolae_ru_path_of_blood

Table legend:
 A = Turns spent in this place as a percentage of turns spent in the entire game.
 B = Non-inter-level travel turns spent in this place as a percentage of non-inter-level travel turns spent in the entire game.
 C = Inter-level travel turns spent in this place as a percentage of turns spent in this place.
 D = Turns resting spent in this place as a percentage of non-inter-level travel turns spent in this place.
 E = Turns spent auto-exploring this place as a percentage of non-inter-level travel turns spent in this place.
 F = Non-inter-level travel turns spent in this place divided by the number of levels of this place that you've seen.
                   A       B       C       D       E      F
               +-------+-------+-------+-------+-------+----------------------
         Total | 100.0 | 100.0 |   1.1 |   5.6 |   9.5 | 148.0
       Dungeon |  99.5 |  99.5 |   1.1 |   5.6 |   9.5 | 171.8
         Abyss |   0.5 |   0.5 |   0.0 |   0.0 |   0.0 |   5.0
               +-------+-------+-------+-------+-------+----------------------

Table legend:
 A = Kills in this place as a percentage of kills in entire the game.
 B = Kills by you in this place as a percentage of kills by you in the entire game.
 C = Kills by friends in this place as a percentage of kills by friends in the entire game.
 D = Other kills in this place as a percentage of other kills in the entire game.
 E = Experience gained in this place as a percentage of experience gained in the entire game.
 F = Experience gained in this place divided by the number of levels of this place that you have seen.
                   A       B       C       D       E      F
               +-------+-------+-------+-------+-------+----------------------
         Total | 100.0 | 100.0 |  -nan |  -nan | 100.0 |  75.3
       Dungeon | 100.0 | 100.0 |  -nan |  -nan | 100.0 |  87.8
               +-------+-------+-------+-------+-------+----------------------
